 Dungeon Crawl Stone Soup version 0.18.1-8-gdd0e5ea (webtiles) character file.

1642 Flavorfulsole the Ducker (level 8, 0/103 HPs)
             Began as an Ogre Berserker on May 28, 2016.
             Was an Elder of Trog.
             Succumbed to a killer bee's poison
             ... on level 7 of the Dungeon.
             The game lasted 00:30:16 (4853 turns).

Flavorfulsole the Ducker (Ogre Berserker)           Turns: 4853, Time: 00:30:17

Health: 0/103      AC:  3    Str: 30    XL:     8   Next: 99%
Magic:  7/7        EV: 14    Int:  6    God:    Trog [****..]
Gold:   188        SH:  0    Dex: 14    Spells: 0 memorised, 7 levels left

rFire  . . .     SeeInvis .     l - +3 mace
rCold  . . .     Gourm    .     b - +0 animal skin
rNeg   . . .     Faith    .     (no shield)
rPois  .         Spirit   .     (helmet restricted)
rElec  .         Dismiss  .     (no cloak)
rCorr  +         Reflect  .     (gloves unavailable)
SustAt .         Harm     .     (boots unavailable)
MR     .....     Rnd*Rage +     o - amulet of magic regeneration
Stlth  ..........               q - ring of resist corrosion
                                h - +5 ring of dexterity

@: berserking (expiring), lethally poisoned (0 -> -13), very quick, not
resistant to hostile enchantments, extremely unstealthy
A: unfitting armour, berserk 1, frail 2, low mp 1, tough skin 1
a: Berserk, Trog's Hand, Brothers in Arms, Burn Spellbooks, Renounce Religion


You were on level 7 of the Dungeon.
You worshipped Trog.
Trog was greatly pleased with you.
You were not hungry.

You visited 1 branch of the dungeon, and saw 6 of its levels.

You collected 188 gold pieces.

Inventory:

Hand Weapons
 l - a +3 mace (weapon)
 m - a +1 antimagic spear
 n - a +0 antimagic whip
Missiles
 a - 4 needles of confusion
 e - 9 tomahawks (quivered)
Armour
 b - a +0 animal skin (worn)
Jewellery
 h - a +5 ring of dexterity (left hand)
 o - an amulet of magic regeneration (around neck)
 q - a ring of resist corrosion (right hand)
Wands
 t - a wand of slowing (9/48)
Scrolls
 d - a scroll of remove curse
 g - 2 scrolls of identify
 j - 2 scrolls of noise
 r - a scroll of enchant weapon
Potions
 f - a potion of brilliance
 i - 2 potions of flight
 p - a potion of might {unknown}
Comestibles
 c - 3 bread rations
 k - a meat ration
 s - 10 chunks of flesh


   Skills:
 + Level 7.5 Fighting
 + Level 7.6 Maces & Flails
 + Level 1.1 Throwing
 + Level 7.7 Dodging
 + Level 2.4 Stealth


You had 7 spell levels left.
You didn't know any spells.

Dungeon Overview and Level Annotations

Branches:
Dungeon (5/15)
 Temple: D:4-7

Altars:
Fedhas
Nemelex Xobeh
Okawaru
Pakellas
Qazlal
Trog

Shops:
D:4 (


Innate Abilities, Weirdness & Mutations

You are too large for most types of armour.
You have tough skin (AC +1).
You tend to lose your temper in combat.
You are very frail (-20% HP).
Your magical capacity is low (-10% MP).


Message History

The killer bee is heavily wounded.
The killer bee misses you.
You bludgeon the killer bee!!
You feel the power of Trog in you as your rage grows.
You kill the killer bee!
Trog accepts your kill.
You feel sick.
You closely miss the killer bee.
You feel sick. The killer bee stings you!
* * * LOW HITPOINT WARNING * * *
The killer bee stings you!
* * * LOW HITPOINT WARNING * * *
You are more poisoned.
The killer bee poisons you!
You hit the killer bee.
The killer bee is moderately wounded.
* * * LOW HITPOINT WARNING * * *
You feel sick. The killer bee misses you.
You thump the killer bee!
The killer bee is almost dead.
You die...

..# ..#
#.. ..#
#.# #.#
#.# #.#
#.# #.#
#.# #y#
#.# #@#
##.###.#
#......#
#..#####
#..# #..#
#..#
#..#######
#.........


You could see a killer bee.

Vanquished Creatures
  The ghost of zeroDi the Cutter, an amateur VSAs (D:3)
  A sky beast (D:5)
  3 eyes of draining (D:3)
  2 ogres
  A scorpion (D:4)
  3 killer bees (D:7)
  4 howler monkeys
  2 crimson imps (D:5)
  An orc priest (D:3)
  An orc wizard (D:7)
  4 hounds
  A worker ant (D:7)
  A hound skeleton (D:5)
  4 gnolls (D:3)
  8 adders
  A shadow imp (D:5)
  An ooze (D:2)
  6 worms
  2 dart slugs (D:2)
  8 giant geckos
  11 orcs
  2 ball pythons (D:1)
  8 bats
  A giant cockroach (D:1)
  6 hobgoblins
  2 jackals (D:3)
  3 kobolds
  3 quokkas
  7 giant newts
  11 goblins
  A quokka skeleton (D:5)
  13 rats
123 creatures vanquished.

Vanquished Creatures (collateral kills)
  An ice beast (D:5)
  Blork the orc (D:5)
2 creatures vanquished.

Vanquished Creatures (others)
  An adder (D:7)
  A giant gecko (D:7)
2 creatures vanquished.

Grand Total: 127 creatures vanquished

Notes
Turn   | Place    | Note
--------------------------------------------------------------
     0 | D:1      | Flavorfulsole the Ogre Berserker began the quest for the Orb.
     0 | D:1      | Reached XP level 1. HP: 24/24 MP: 1/1
   390 | D:1      | Reached XP level 2. HP: 33/33 MP: 2/2
   908 | D:1      | Reached ** piety under Trog
   908 | D:1      | Reached XP level 3. HP: 40/40 MP: 3/3
  1257 | D:2      | Found a stormy altar of Qazlal.
  1338 | D:2      | Reached XP level 4. HP: 31/49 MP: 4/4
  1776 | D:2      | Reached *** piety under Trog
  1778 | D:2      | Found a sparkling altar of Nemelex Xobeh.
  1989 | D:3      | Reached skill level 1 in Throwing
  2020 | D:3      | Reached skill level 5 in Maces & Flails
  2023 | D:3      | Noticed zeroDi's ghost (amateur VSAs)
  2039 | D:3      | Killed zeroDi's ghost
  2039 | D:3      | Reached skill level 5 in Fighting
  2039 | D:3      | Reached XP level 5. HP: 33/57 MP: 5/5
  2039 | D:3      | Reached XP level 6. HP: 39/66 MP: 6/6
  2381 | D:3      | Reached skill level 5 in Dodging
  2676 | D:3      | Found an iron altar of Okawaru.
  2765 | D:3      | Noticed an eye of draining
  2765 | D:3      | Noticed an eye of draining
  2766 | D:3      | Found a bloodstained altar of Trog.
  2766 | D:3      | Noticed an eye of draining
  2778 | D:3      | Killed an eye of draining
  2778 | D:3      | Reached skill level 1 in Stealth
  2778 | D:3      | Reached XP level 7. HP: 72/72 MP: 0/7
  2788 | D:3      | Received a gift from Trog
  3026 | D:4      | Found a blossoming altar of Fedhas.
  3408 | D:4      | Reached XP level 8. HP: 25/83 MP: 8/8
  3641 | D:4      | Found an oddly glowing altar of Pakellas.
  3677 | D:4      | Found Ideimiad's Weapon Boutique.
  4054 | D:5      | Entered Level 5 of the Dungeon
  4173 | D:5      | Gained mutation: Your magical capacity is low (-10% MP). [mutagenic meat]
  4174 | D:5      | Gained mutation: You are frail (-10% HP). [mutagenic meat]
  4175 | D:5      | Gained mutation: You tend to lose your temper in combat. [mutagenic meat]
  4176 | D:5      | Gained mutation: You are very frail (-20% HP). [mutagenic meat]
  4293 | D:5      | Reached **** piety under Trog
  4428 | D:5      | Noticed Blork the orc
  4445 | D:5      | Killed Blork the orc
  4776 | D:5      | You fall through a shaft for 2 floors!
  4851 | D:7      | HP: 1/103 [killer bee (8)]
  4853 | D:7      | Succumbed to a killer bee's poison

Skill      XL: |  1  2  3  4  5  6  7  8 |
---------------+-------------------------+-----
Dodging        | 3 4 5 6 7 |  7.7
Throwing       | 1 |  1.1
Maces & Flails | 5 6 7 |  7.6
Fighting       | 5 6 7 |  7.5
Stealth        | 1 2 |  2.4

Action                   |  1- 3 |  4- 6 |  7- 9 || total
-------------------------+-------+-------+-------++-------
Melee: Mace              |    97 |   109 |   172 ||   378
Throw: Tomahawk          |    15 |       |     2 ||    17
Invok: Berserk           |     3 |     5 |     5 ||    13
       Trog's Hand       |       |     1 |     1 ||     2
       Brothers in Arms  |       |       |     1 ||     1
Evoke: Wand              |       |       |     1 ||     1
  Use: Scroll            |     6 |     3 |     2 ||    11
       Potion            |     4 |     2 |     4 ||    10
 Stab: Sleeping          |       |       |     1 ||     1
  Eat: Chunk             |     3 |     1 |     8 ||    12
       Meat ration       |     1 |       |     1 ||     2
       Bread ration      |       |     1 |     1 ||     2
Armor: Animal skin       |   109 |    22 |    34 ||   165
Dodge: Dodged            |   156 |    90 |   123 ||   369
